 Dungeon Crawl Stone Soup version 0.20-a0-522-g0b37eee (webtiles) character file.

422 polly the Shield-Bearer (level 6, -7/57 HPs)
             Began as a Gargoyle Fighter on Jan 26, 2017.
             Killed by divine providence
             ... invoked by an orc priest
              (11 damage)
             ... on level 3 of the Dungeon.
             The game lasted 00:05:10 (2872 turns).

polly the Shield-Bearer (Gargoyle Fighter)          Turns: 2872, Time: 00:05:11

Health: -7/57      AC: 16    Str: 25    XL:     6   Next: 95%
Magic:  6/6        EV:  6    Int:  9    God:
Gold:   143        SH: 10    Dex: 10    Spells: 5/5 levels left

rFire    . . .     SeeInvis +   a - +0 flail
rCold    . . .     Gourm    .   j - +0 chain mail
rNeg     + . .     Faith    .   c - +0 shield
rPois    ∞         Spirit   .   (no helmet)
rElec    +         Reflect  .   h - +0 cloak
rCorr    .         Harm     .   r - +0 pair of gloves
MR       .....                  (no boots)
Stlth    ..........             (no amulet)
Regen    0.2/turn               (no ring)
                                n - ring of see invisible

@: berserking (expiring), slowed
A: negative energy resistance 1, electricity resistance, unbreathing,
petrification resistance, rot immunity, AC +4
a: no special abilities


You were on level 3 of the Dungeon.
You were not hungry.

You visited 1 branch of the dungeon, and saw 3 of its levels.
You also visited: Sewer.

You collected 143 gold pieces.

Inventory:

Hand Weapons
 a - a +0 flail (weapon)
Armour
 c - a +0 shield (worn)
 h - a +0 cloak (worn)
 j - a +0 chain mail (worn)
 r - a +0 pair of gloves (worn)
Jewellery
 n - a ring of see invisible (left hand)
 x - an uncursed ring of wizardry {unknown}
Wands
 l - a wand of lightning (4/15)
Scrolls
 g - 2 scrolls of teleportation {unknown}
 m - a scroll of remove curse {unknown}
 p - a scroll of identify {unknown}
 q - 2 scrolls of fear {unknown}
 u - a scroll of magic mapping {unknown}
Potions
 d - a potion of might
 i - a potion of mutation {unknown}
 k - a potion of heal wounds {unknown}
 o - a potion of degeneration {unknown}
 s - 4 potions of curing {unknown}
 t - a potion of haste {unknown}
 v - 2 potions of magic {unknown}
Comestibles
 b - 3 meat rations
 f - a bread ration
 w - a chunk of flesh


   Skills:
 + Level 4.2 Fighting
 + Level 4.4 Maces & Flails
 + Level 4.5 Armour
 + Level 1.2 Dodging
 + Level 5.2 Shields


You had 5 spell levels left.
You didn't know any spells.

Dungeon Overview and Level Annotations

Branches:
Dungeon (3/15)

Altars:
Ashenzari
Xom
Yredelemnul
Zin


Innate Abilities, Weirdness & Mutations

You are resistant to torment.
Your stone body is resilient. (AC +4)
You are immune to poison.
You resist negative energy. (rN+)
You are resistant to electric shocks. (rElec)
You can survive without breathing.
You are immune to petrification.
You are immune to rotting.


Message History

* * * LOW HITPOINT WARNING * * *
It was a potion of berserk rage.
A red film seems to cover your vision as you go berserk!
You feel yourself moving faster!
You feel mighty! You block the orc's attack.
You sock the orc!
You kill the orc!
The orc priest hits you but does no damage.
You hit the orc priest.
The orc priest is moderately wounded.
You block the orc priest's attack.
Your chain mail prevents you from hitting the orc priest.
The orc priest is moderately wounded.
The orc priest calls down the wrath of Beogh upon you.
Pain shoots through your body!
* * * LOW HITPOINT WARNING * * *
You closely miss the orc priest.
The orc priest is lightly wounded.
The orc priest mumbles some strange prayers to Beogh against you.
Beogh smites you!
You die...

#.# #.#
####.####
....... .....
.o. #o# #@# #)#
#.# #.# #.# #.#
####.#####
#......<.#
#######.##.###.#


You could see an orc priest and an orc.

Vanquished Creatures
  An orc priest (D:3)
  2 orc wizards (D:3)
  Ijyb (D:2)
  Terence (D:2)
  Natasha (thrice) (D:2)
  9 adders
  4 oozes
  A worm (D:2)
  3 dart slugs
  5 leopard geckos
  15 orcs (D:3)
  2 bats
  4 giant cockroaches
  2 gnoll zombies (D:2)
  6 goblins
  3 hobgoblins
  9 jackals
  5 kobolds
  A quokka (D:3)
  A ball python (Sewer)
  6 frilled lizards
  6 rats
  4 plants (Sewer)
94 creatures vanquished.

Notes
Turn   | Place    | Note
-------+----------+-------------------------------------------
     0 | D:1      | polly the Gargoyle Fighter began the quest for the Orb.
     0 | D:1      | Reached XP level 1. HP: 14/14 MP: 1/1
   101 | D:1      | Reached XP level 2. HP: 19/19 MP: 2/2
   692 | D:1      | Reached XP level 3. HP: 23/23 MP: 3/3
   930 | D:2      | Reached skill level 4 in Shields
   932 | D:2      | Noticed Ijyb
   936 | D:2      | Noticed Terence
   955 | D:2      | Killed Ijyb
   955 | D:2      | Reached XP level 4. HP: 26/29 MP: 4/4
   964 | D:2      | Killed Terence
   992 | D:2      | Found a shattered altar of Ashenzari.
  1121 | D:2      | Reached XP level 5. HP: 31/33 MP: 5/5
  1123 | D:2      | Noticed Natasha
  1127 | D:2      | Killed Natasha
  1172 | D:2      | Found a faded altar of an unknown god.
  1186 | D:2      | Noticed Natasha
  1195 | D:2      | Killed Natasha
  1287 | D:2      | Found a basalt altar of Yredelemnul.
  1324 | D:2      | Noticed Natasha
  1333 | D:2      | Killed Natasha
  1513 | D:2      | Reached skill level 1 in Dodging
  1591 | D:3      | Noticed an angel
  1592 | D:3      | Found a glowing silver altar of Zin.
  1592 | D:3      | Found a shimmering altar of Xom.
  1608 | D:3      | Reached XP level 6. HP: 36/38 MP: 6/6
  1773 | D:3      | Found a glowing drain.
  1811 | Sewer    | Entered a sewer
  1962 | Sewer    | Reached skill level 5 in Shields
  2872 | D:3      | Killed from afar by an orc priest

Vault maps used:
D:1:      co_arrival_two_rings, nrook_uturn, st_stairs_1
D:2:      lemuel_zombie_altar_yredelemnul,
          chequers_ecumenical_altar_simple_redux, evilmike_ruin_ashenzari,
          uniq_natasha, uniq_terence, uniq_iyjb
D:3:      grunt_temple_overflow_order_and_chaos_1,
          lemuel_coloured_pillars_altar, portal_sewer_entry_f,
          minmay_misc_feat_rows
Sewer:    sewer_co_scattered_pipes

Skill      XL: |  1  2  3  4  5  6 |
---------------+-------------------+-----
Shields        | 4 5 |  5.2
Armour         | 4 |  4.5
Maces & Flails | 3 4 |  4.4
Fighting       | 4 |  4.2
Dodging        | 1 |  1.2

Action                   |  1- 3 |  4- 6 || total
-------------------------+-------+-------++-------
Melee: Flail             |    75 |   413 ||   488
  Use: Potion            |       |     1 ||     1
  Eat: Chunk             |       |     8 ||     8
Armor: Scale mail        |    33 |     5 ||    38
       Chain mail        |       |   250 ||   250
Dodge: Dodged            |    25 |   103 ||   128
Block: Shield            |    26 |   246 ||   272
